AoeStats
← Dani_AOE2

Black Forest

507229766Analyzed
4v4 RM · 14d ago on Sep 17, 2026· 90m 50s· 8 players
Game mode
Random Map
Map size
Large (8 player)
Population
200
Speed
Normal
Resources
Standard
Victory
Conquest
Starting age
Dark Age
Ending age
Imperial Age
RankedLock teamsTeams togetherTeam positionsShared explorationLock speedFull tech treeHidden civsTurbo modeCheats
Victory
Defeat
🇳🇱 Mongols · Netherlands
1480
+12
🇹🇼 Slavs · Taiwan
1453
+13
🇮🇳 Turks · India
1300
+19
🇳🇿 Bengalis · New Zealand
1262
+20
🇫🇷 Ethiopians · France
1434
-19
🇹🇼 Cumans · Taiwan
1422
-18
🇩🇪 Slavs · Germany
1323
-14
🇸🇪 Persians · Sweden
1310
-13
MZTK / Dampflok
2:51 Loom
15:38 Feudal Age
16:09 Double-Bit Axe
20:25 Castle Age
18:24 Horse Collar
19:25 Fishing Lines
22:17 Pikeman
25:45 Scale Barding Armor
27:03 Bow Saw
28:54 Wheelbarrow
29:21 Chain Barding Armor
30:19 Gillnets
31:41 Town Watch
33:04 Forging
36:30 Imperial Age
34:14 Bloodlines
34:05 Husbandry
34:35 Detinets
35:25 Fletching
35:52 Heavy Plow
37:34 Conscription
37:57 Plate Barding Armor
37:39 Capped Ram
39:59 Two-Man Saw
39:49 Gold Mining
41:08 Iron Casting
41:20 Hoardings
41:29 Gold Shaft Mining
43:16 Hand Cart
43:44 Caravan
45:29 Blast Furnace
44:46 Light Cavalry
46:20 Elite Boyar
47:09 Bodkin Arrow
47:12 Stone Mining
49:01 Siege Ram
54:02 Coinage
54:27 Hussar
56:17 Banking
59:05 Crop Rotation
59:14 Heavy Scorpion
61:52 Siege Engineers
62:50 Chemistry
62:30 Ballistics
64:26 Man-at-Arms
65:07 Squires
65:37 Scale Mail Armor
66:38 Hoardings
67:56 Murder Holes
72:18 Long Swordsman
72:25 Long Swordsman
73:54 Two-Handed Swordsman
74:54 Chain Mail Armor
74:30 Champion
76:10 Plate Mail Armor
76:25 Onager
76:36 Cavalier
77:22 Cavalier
81:35 Masonry
81:25 Halberdier
超可愛小海豹
0:28 Loom
16:45 Feudal Age
17:43 Double-Bit Axe
20:08 Horse Collar
22:52 Castle Age
22:43 Fishing Lines
24:11 Bow Saw
26:01 Gillnets
27:14 Wheelbarrow
34:17 Imperial Age
31:41 Gold Mining
31:41 Stone Mining
31:41 Gold Mining
32:39 Steppe Husbandry
33:03 Town Watch
33:33 Hand Cart
33:30 Forging
33:25 Scale Barding Armor
33:32 Scale Barding Armor
34:24 Gold Shaft Mining
34:08 Bloodlines
34:18 Heavy Plow
35:02 Iron Casting
34:47 Chain Barding Armor
35:02 Iron Casting
34:47 Chain Barding Armor
34:36 Cavalier
35:51 Conscription
36:45 Crop Rotation
37:57 Fletching
38:07 Padded Archer Armor
37:57 Fletching
38:07 Padded Archer Armor
38:35 Bodkin Arrow
39:53 Two-Man Saw
39:04 Steppe Husbandry
39:33 Parthian Tactics
42:39 Leather Archer Armor
41:58 Light Cavalry
44:45 Blast Furnace
45:31 Elite Skirmisher
46:41 Thumb Ring
47:19 Ballistics
48:00 Chemistry
49:44 Caravan
51:26 Ring Archer Armor
58:19 Chemistry
61:21 Onager
66:00 Capped Ram
67:08 Paladin
67:12 Siege Ram
67:24 Siege Onager
68:44 Heavy Cavalry Archer
70:05 Plate Barding Armor
75:09 Hussar
76:34 Scale Mail Armor
77:01 Pikeman
77:43 Squires
77:28 Arson
77:43 Squires
78:01 Chain Mail Armor
77:30 Halberdier
79:40 Plate Mail Armor
81:13 Guilds
81:33 Coinage
81:50 Paladin
retaux
11:53 Feudal Age
15:20 Castle Age
13:06 Double-Bit Axe
13:05 Fishing Lines
16:16 Bow Saw
16:00 Gillnets
20:08 Wheelbarrow
19:48 Horse Collar
20:51 Heavy Plow
23:49 Loom
25:00 Hand Cart
28:21 Imperial Age
25:40 Town Watch
26:22 Scale Mail Armor
26:33 Forging
26:38 Gold Mining
26:41 Stone Mining
27:41 Chain Mail Armor
27:27 Squires
28:32 Iron Casting
28:34 Halberdier
28:36 Onager
30:11 Plate Mail Armor
29:43 Fletching
31:12 Two-Man Saw
31:34 Conscription
31:34 Siege Engineers
32:30 Chemistry
31:51 Ballistics
31:42 Masonry
33:18 Torsion Engines
34:19 Blast Furnace
34:44 Siege Onager
36:45 Bodkin Arrow
37:37 Architecture
38:03 Caravan
38:39 Bracer
46:12 Royal Heirs
61:22 Murder Holes
62:38 Elite Shotel Warrior
64:32 Scale Barding Armor
64:28 Padded Archer Armor
BlackBelt
5:06 Loom
5:34 Loom
12:20 Feudal Age
14:48 Double-Bit Axe
17:25 Castle Age
15:45 Double-Bit Axe
15:43 Horse Collar
18:41 Bow Saw
19:30 Town Watch
22:41 Wheelbarrow
24:14 Gold Mining
24:13 Fishing Lines
26:07 Stone Mining
27:19 Heavy Plow
27:32 Gillnets
29:08 Hand Cart
29:08 Forging
29:04 Scale Barding Armor
29:53 Stone Shaft Mining
32:17 Imperial Age
30:57 Gold Shaft Mining
32:08 Chain Barding Armor
32:24 Iron Casting
31:53 Fletching
32:26 Ballistics
32:17 Masonry
32:02 Murder Holes
32:22 Caravan
33:03 Conscription
34:13 Two-Man Saw
33:51 Crop Rotation
33:54 Bloodlines
34:03 Devotion
34:19 Husbandry
35:47 Blast Furnace
35:32 Plate Barding Armor
36:36 Architecture
36:02 Bodkin Arrow
36:29 Kamandaran
36:16 Elite War Elephant
38:05 Padded Archer Armor
39:04 Faith
40:40 Chemistry
40:29 Citadels
40:40 Guard Tower
41:23 Coinage
40:37 Elite Skirmisher
41:36 Leather Archer Armor
43:18 Banking
42:59 Guilds
43:32 Hoardings
44:46 Ring Archer Armor
46:42 Cavalier
50:18 Town Patrol
51:24 Light Cavalry
52:17 Thumb Ring
54:16 Hussar
77:28 Scale Mail Armor
77:30 Squires
77:16 Arson
Dani_AOE2
2:31 Loom
12:57 Feudal Age
17:19 Castle Age
15:44 Double-Bit Axe
16:08 Horse Collar
17:59 Fishing Lines
18:47 Bow Saw
19:24 Heavy Plow
24:20 Stone Mining
25:34 Wheelbarrow
25:46 Fletching
26:12 Padded Archer Armor
26:59 Bodkin Arrow
28:15 Ballistics
30:04 Bloodlines
29:54 Husbandry
30:00 Thumb Ring
32:41 Imperial Age
31:19 Leather Archer Armor
30:51 Light Cavalry
31:44 Scale Barding Armor
31:49 Forging
32:44 Masonry
33:08 Chain Barding Armor
33:35 Bracer
33:21 Elite Mangudai
35:04 Conscription
34:23 Demolition Ship
34:50 Hussar
37:21 Chemistry
36:48 Onager
39:44 Drill
39:51 Siege Engineers
40:43 Parthian Tactics
41:23 Gold Mining
58:24 Hand Cart
58:32 Caravan
60:50 Chain Barding Armor
61:05 Iron Casting
64:13 Capped Ram
67:05 Siege Ram
75:14 Hoardings
82:57 Siege Onager
90:47 Spies/Treason
Miru
7:29 Loom
13:27 Feudal Age
14:10 Double-Bit Axe
16:58 Castle Age
14:48 Horse Collar
18:09 Bow Saw
19:40 Fishing Lines
23:36 Gillnets
24:21 Heavy Plow
25:17 Gold Mining
25:19 Stone Mining
27:23 Gold Shaft Mining
31:02 Imperial Age
29:27 Wheelbarrow
28:22 Pikeman
29:03 Squires
29:04 Scale Mail Armor
29:14 Forging
30:38 Chain Mail Armor
31:44 Iron Casting
30:42 Man-at-Arms
31:35 Detinets
31:04 Onager
31:12 Halberdier
32:23 Plate Mail Armor
33:15 Two-Man Saw
32:49 Conscription
32:08 Onager
32:17 Long Swordsman
33:19 Siege Engineers
34:15 Chemistry
33:27 Masonry
33:10 Town Watch
33:41 Hand Cart
34:35 Blast Furnace
33:25 Two-Handed Swordsman
34:50 Caravan
34:54 Town Patrol
35:15 Champion
36:44 Siege Onager
39:17 Druzhina
40:36 Elite Boyar
41:25 Scale Barding Armor
41:42 Husbandry
41:53 Bloodlines
43:10 Fletching
43:41 Chain Barding Armor
45:52 Hoardings
45:56 Plate Barding Armor
45:17 Bodkin Arrow
52:15 Capped Ram
53:57 Siege Ram
85:42 Coinage
86:43 Crop Rotation
86:37 Ballistics
89:09 Spies/Treason
[MAD1] hillstead
1:04 Loom
14:23 Feudal Age
18:40 Castle Age
17:29 Double-Bit Axe
17:27 Horse Collar
18:03 Stone Mining
18:37 Gold Mining
19:51 Wheelbarrow
20:10 Bow Saw
22:36 Fletching
23:14 Hand Cart
23:27 Bodkin Arrow
24:27 Gold Shaft Mining
24:57 Padded Archer Armor
26:21 Leather Archer Armor
29:23 Paiks
31:32 Bloodlines
31:23 Husbandry
32:40 Ballistics
38:40 Imperial Age
39:07 Elite Ratha (Ranged)
39:49 Bracer
41:48 Ring Archer Armor
42:29 Chemistry
42:13 Mahayana
43:25 Forging
43:21 Scale Barding Armor
43:16 Scale Mail Armor
45:12 Husbandry
44:33 Light Cavalry
45:56 Caravan
46:52 Pikeman
47:33 Squires
47:18 Arson
47:42 Halberdier
50:16 Chain Mail Armor
50:36 Iron Casting
52:55 Sanctity
55:43 Two-Man Saw
54:44 Heavy Plow
61:50 Siege Elephant
70:36 Elite Skirmisher
71:40 Chain Barding Armor
78:37 Blast Furnace
81:41 Plate Barding Armor
ayushdy2004
0:56 Loom
17:49 Feudal Age
22:05 Castle Age
30:28 Double-Bit Axe
35:16 Horse Collar
36:45 Bow Saw
48:08 Wheelbarrow
48:46 Coinage
48:18 Caravan
49:09 Heavy Plow
51:32 Hand Cart
55:46 Imperial Age
54:25 Town Watch
63:39 Town Patrol
64:01 Bloodlines
63:52 Husbandry
65:02 Scale Barding Armor
65:08 Forging
65:49 Scale Mail Armor
66:12 Chain Barding Armor
67:31 Iron Casting
69:52 Plate Barding Armor
70:18 Blast Furnace
71:24 Banking
81:45 Guilds
82:54 Ballistics
Connection lost

Rejoining the realm…

Still unreachable

The connection could not be restored.

Session expired

The server has moved on; the page needs a fresh start.